 Dungeon Crawl Stone Soup version 0.20.1-1-g8b1a95d (webtiles) character file.

23263 homeworkjunkie the Severer (level 13, -3/116 HPs)
             Began as a Hill Orc Fighter on Nov 9, 2017.
             Was an Elder of Okawaru.
             Killed by divine providence
             ... invoked by an orc high priest
              (13 damage)
             ... on level 2 of the Orcish Mines.
             The game lasted 00:37:27 (13009 turns).

homeworkjunkie the Severer (Hill Orc Fighter)      Turns: 13009, Time: 00:37:27

Health: -3/116     AC: 29    Str: 22    XL:     13   Next: 5%
Magic:  18/18      EV: 11    Int: 10    God:    Okawaru [****..]
Gold:   2809       SH: 12    Dex: 12    Spells: 12/12 levels left

rFire    + + .     SeeInvis .   Q - +4 broad axe "Killer Bee's Death" {protect, -Tele MR+ Int+2}
rCold    + + .     Gourm    .   E - +0 shield
rNeg     . . .     Faith    .   y - +2 plate armour
rPois    +         Spirit   .   (no helmet)
rElec    +         Reflect  .   D - scarf {rC+ rF+}
rCorr    +         Harm     .   l - +2 pair of gloves
MR       +....     NoTele   +   d - +2 pair of boots
Stlth    ..........             M - amulet of regeneration
Regen    0.7/turn               t - ring of resist corrosion
MPRegen  0.2/turn               w - +5 ring of evasion

@: resistant, protection aura, drained
A: no striking features
a: Heroism, Renounce Religion, Convert to Beogh


You were on level 2 of the Orcish Mines.
You worshipped Okawaru.
Okawaru was greatly pleased with you.
You were not hungry.

You visited 4 branches of the dungeon, and saw 16 of its levels.
You also visited: Ossuary.

You collected 2809 gold pieces.

Inventory:

Hand Weapons
 a - a +5 war axe
 c - the +2 broad axe of the Seeker {protect, rElec}
   (You acquired it on level 12 of the Dungeon)

   It protects the one who uses it against injury (+AC on strike).
   It insulates you from electricity.
 L - a +1 war axe of flaming
 O - a +1 war axe of freezing
 Q - the +4 broad axe "Killer Bee's Death" (weapon) {protect, -Tele MR+ Int+2}
   (Okawaru gifted it to you on level 9 of the Dungeon)

   It protects the one who uses it against injury (+AC on strike).
   It affects your intelligence (+2).
   It affects your resistance to hostile enchantments.
   It prevents most forms of teleportation.
Missiles
 o - 8 poisoned javelins
 F - 16 tomahawks (quivered)
 K - 4 exploding tomahawks
 P - 4 steel tomahawks
Armour
 d - a +2 pair of boots (worn)
 l - a +2 pair of gloves (worn)
 m - a +2 cloak
 y - a +2 plate armour (worn)
 D - a scarf of resistance (worn)
 E - a +0 shield (worn)
Jewellery
 t - a ring of resist corrosion (left hand)
 w - a +5 ring of evasion (right hand)
 x - an uncursed amulet of faith
 H - an uncursed ring of flight
 M - an amulet of regeneration (around neck)
Wands
 p - a wand of lightning (0/15)
 B - a wand of flame (4/48)
 G - a wand of polymorph (0/24)
 I - a wand of flame (21/48)
 J - a wand of lightning (0/15)
 N - a wand of flame (21/48)
Scrolls
 g - a scroll of fog
 q - 5 scrolls of remove curse
 v - a scroll of immolation
Potions
 e - 3 potions of mutation {unknown}
 h - 2 potions of lignification
 i - 6 potions of curing
 j - 2 potions of resistance
 r - 4 potions of brilliance {unknown}
 s - 2 potions of haste {unknown}
 u - a potion of ambrosia {unknown}
 z - 2 potions of degeneration {unknown}
 A - 2 potions of invisibility {unknown}
Comestibles
 b - 5 meat rations
 f - 5 bread rations
 C - 8 fruits


   Skills:
 * Level 11.1(10.6) Fighting
 * Level 17.0(16.5) Axes
 + Level 1.4(1.0) Throwing
 * Level 9.4(9.0) Armour
 + Level 1.5(1.1) Dodging
 + Level 0.3(0.0) Stealth
 * Level 10.1(9.6) Shields
 + Level 0.6(0.3) Invocations
 * Level 6.6(6.2) Evocations


You had 12 spell levels left.
You didn't know any spells.

Dungeon Overview and Level Annotations

Branches:
Dungeon (12/15)            Temple (1/1) D:7            Lair (1/6) D:9
    Orc (2/2) D:9             Elf (0/3) Orc:2

Altars:
Ashenzari
Gozag
Makhleb
Nemelex Xobeh
Okawaru
Ru
Sif Muna
Vehumet
Xom
The Shining One
Beogh

Shops:
D:5 ?   D:8 (


Message History

The orc high priest mumbles some strange prayers to Beogh against you.
Beogh smites you!
* * * LOW HITPOINT WARNING * * *
Cornered, the orc high priest turns to fight!
You block the smoke demon's attack.
The smoke demon hits you but does no damage.
The smoke demon closely misses you.
The orc wizard mumbles some strange words.
The orc wizard seems to speed up.
The smoke demon hits you but does no damage. x3
Your shield and plate armour prevent you from hitting the hellwing.
You slash the smoke demon!
You kill the smoke demon!
You closely miss the smoke demon.
The orc high priest shouts, "Join the one true god or die!"
You slash the orc warrior! You block the orc warrior's attack.
The orc sorcerer mumbles some strange words.
The orc high priest calls down the wrath of Beogh upon you.
Beogh smites you!
You die...

***,,,,,,,∩##.. *o..÷o,,,,,,##.
##.oo÷.,,,,,,∩#.
##.÷{÷o,,,,,,,∩#.
#(..o.,,,,,,,,##.
##ooo#,,,,,,,∩*#..
#4..#*,,,,,,####..
#3o.##*,,####.....
#@44.###*#........
#######.....#####...))) ####
##..#.###..........).)). ##..##
#.......##............))
#....###........###......).....
##....##...........##...........
#..............#................
##.##...........................
####...........................


You could see 2 orc knights, 2 orc high priests, 2 hellwings, a smoke demon, a
chaos spawn, 2 orc sorcerers, 2 orc warriors, an orc priest and an orc wizard.

Vanquished Creatures
  The ghost of Beowulf the Cleaver, a journeyman MiBe of Trog (D:10)
  A hydra (D:9)
  4 two-headed ogres
  An orc high priest (Orc:1)
  An unseen horror (D:10)
  4 skeletal warriors (D:12)
  3 orc knights
  Pikel (D:7)
  An ugly thing (D:12)
  3 orc sorcerers
  2 cyclopes
  A centaur zombie (D:7)
  A spiny frog (Lair:1)
  A kobold demonologist (D:12)
  2 trolls (Orc:1)
  Prince Ribbit (D:9)
  The ghost of Ymberto the Ducker, an amateur HuHu (D:3)
  A wraith (D:10)
  6 yaks (D:11)
  Grum (D:9)
  2 hungry ghosts
  A warg (Orc:1)
  19 orc warriors
  4 ice beasts
  2 phantoms
  A sky beast (D:10)
  9 centaurs
  10 ogres
  3 wolves (D:9)
  A crocodile (D:9)
  2 big kobolds
  6 bullfrogs
  2 scorpions
  5 killer bees (D:8)
  8 wights (D:9)
  5 howler monkeys
  5 crimson imps
  A bullfrog zombie (D:10)
  25 orc priests
  7 hounds
  3 jellies
  Crazy Yiuf (D:3)
  28 orc wizards
  A bullfrog skeleton (D:5)
  3 centaur skeletons
  4 iguanas
  Natasha (thrice) (D:4)
  4 worker ants
  A hound zombie (D:7)
  9 mummies
  A worker ant zombie (D:5)
  8 gnolls
  9 adders
  4 shadow imps
  2 oozes
  2 adder zombies
  4 adder skeletons
  8 worms
  3 dart slugs
  4 leopard geckos
  114 orcs
  2 ball pythons
  2 giant cockroaches
  3 gnoll zombies (Ossuary)
  9 goblins
  4 hobgoblins
  11 jackals
  6 quokkas
  7 bats
  A frilled lizard (D:1)
  3 hobgoblin zombies
  11 kobolds
  2 kobold zombies
  2 orc zombies (Ossuary)
  13 rats
447 creatures vanquished.

Vanquished Creatures (others)
  Menkaure (D:7)
  An ogre (D:7)
  3 plants (Lair:1)
5 creatures vanquished.

Grand Total: 452 creatures vanquished

Notes
Turn   | Place    | Note
-------+----------+-------------------------------------------
     0 | D:1      | homeworkjunkie the Hill Orc Fighter began the quest for the Orb.
     0 | D:1      | Reached XP level 1. HP: 19/19 MP: 1/1
   117 | D:2      | Reached XP level 2. HP: 27/27 MP: 2/2
   159 | D:3      | Noticed Ymberto's ghost (amateur HuHu)
   178 | D:3      | Killed Ymberto's ghost
   178 | D:3      | Reached skill level 4 in Axes
   178 | D:3      | Reached XP level 3. HP: 8/34 MP: 3/3
   178 | D:3      | Reached XP level 4. HP: 10/41 MP: 4/4
   178 | D:3      | Reached XP level 5. HP: 12/47 MP: 5/5
   962 | D:2      | Reached skill level 1 in Dodging
   962 | D:2      | Reached XP level 6. HP: 52/53 MP: 6/6
   984 | D:2      | Found a faded altar of an unknown god.
  1053 | D:2      | Reached skill level 5 in Axes
  1901 | D:3      | Reached skill level 5 in Fighting
  1928 | D:4      | Reached skill level 6 in Axes
  1937 | D:4      | Reached XP level 7. HP: 56/61 MP: 7/7
  1975 | D:3      | Found a runed door.
  1979 | D:3      | Noticed Crazy Yiuf
  1982 | D:3      | Killed Crazy Yiuf
  2246 | D:3      | Reached skill level 5 in Shields
  3380 | D:4      | Noticed Natasha
  3384 | D:4      | Killed Natasha
  3384 | D:4      | Reached skill level 7 in Axes
  3404 | D:4      | Noticed Natasha
  3412 | D:4      | Killed Natasha
  3540 | D:5      | Entered Level 5 of the Dungeon
  3590 | D:5      | Reached skill level 5 in Armour
  3631 | D:5      | Reached XP level 8. HP: 63/70 MP: 8/8
  3653 | D:5      | Found Anucwugu's Magic Scroll Shop.
  3736 | D:5      | Reached skill level 1 in Evocations
  3959 | D:5      | Reached skill level 8 in Axes
  3972 | D:5      | Found a sand-covered staircase.
  3981 | Ossuary  | Entered an ossuary
  4430 | D:4      | Noticed Natasha
  4435 | D:4      | Killed Natasha
  4784 | D:5      | Reached skill level 9 in Axes
  5489 | D:6      | Reached skill level 10 in Axes
  5505 | D:6      | Reached XP level 9. HP: 67/75 MP: 10/10
  5582 | D:7      | Noticed Pikel
  5618 | D:7      | Killed Pikel
  5618 | D:7      | Reached skill level 11 in Axes
  5997 | D:8      | Found Ipnunec's Antique Weapon Emporium.
  5997 | D:8      | Noticed a two-headed ogre
  6006 | D:8      | Killed a two-headed ogre
  6006 | D:8      | Reached skill level 12 in Axes
  6006 | D:8      | Reached XP level 10. HP: 63/86 MP: 12/12
  6035 | D:8      | Noticed a two-headed ogre
  6045 | D:8      | Killed a two-headed ogre
  6265 | D:7      | Killed Menkaure
  6433 | D:7      | Found a staircase to the Ecumenical Temple.
  6453 | Temple   | Entered the Ecumenical Temple
  6462 | Temple   | Became a worshipper of Warmaster Okawaru
  7059 | D:8      | Reached skill level 13 in Axes
  7258 | D:8      | Reached * piety under Okawaru
  7568 | D:9      | Found a staircase to the Lair.
  7621 | Lair:1   | Entered Level 1 of the Lair of Beasts
  7630 | Lair:1   | Noticed a spiny frog
  7637 | Lair:1   | Killed a spiny frog
  7689 | Lair:1   | Noticed a four-headed hydra
  7963 | D:9      | Noticed Prince Ribbit
  7981 | D:10     | Entered Level 10 of the Dungeon
  8018 | D:10     | Noticed Beowulf's ghost (journeyman MiBe)
  8034 | D:10     | Killed Beowulf's ghost
  8034 | D:10     | Reached ** piety under Okawaru
  8047 | D:10     | Reached XP level 11. HP: 69/95 MP: 12/14
  8067 | D:10     | Reached skill level 14 in Axes
  8173 | D:10     | Reached *** piety under Okawaru
  8256 | D:10     | Killed an unseen horror
  8300 | D:10     | Identified a scroll of acquirement
  8886 | D:12     | Noticed a skeletal warrior
  8904 | D:12     | Killed a skeletal warrior
  8910 | D:12     | Got a bloodstained broad axe
  8911 | D:12     | Identified the +2 broad axe of the Seeker {protect, rElec} (You acquired it on level 12 of the Dungeon)
  9103 | D:11     | Noticed a cyclops
  9109 | D:11     | Reached **** piety under Okawaru
  9131 | D:11     | Received a gift from Okawaru
  9142 | D:11     | Killed a cyclops
  9142 | D:11     | Reached skill level 15 in Axes
  9256 | D:11     | Found a sparkling altar of Nemelex Xobeh.
  9422 | D:12     | Noticed a skeletal warrior
  9423 | D:12     | Noticed a skeletal warrior
  9429 | D:12     | Noticed a skeletal warrior
  9452 | D:12     | Killed a skeletal warrior
  9452 | D:12     | Reached skill level 5 in Evocations
  9464 | D:12     | Killed a skeletal warrior
  9464 | D:12     | Reached ***** piety under Okawaru
  9464 | D:12     | Received a gift from Okawaru
  9477 | D:12     | Killed a skeletal warrior
  9659 | D:12     | Noticed a white ugly thing
  9670 | D:12     | Killed a white ugly thing
  9670 | D:12     | Reached XP level 12. HP: 84/106 MP: 15/15
  9803 | D:9      | Killed a one-headed hydra
 10047 | D:9      | Noticed Grum
 10052 | D:9      | Reached skill level 10 in Fighting
 10059 | D:9      | Killed Grum
 10633 | D:9      | Killed Prince Ribbit
 10692 | D:9      | Found a staircase to the Orcish Mines.
 10891 | D:9      | Received a gift from Okawaru
 10892 | D:9      | Got a fine broad axe {god gift}
 10986 | D:9      | Noticed a two-headed ogre
 10997 | D:9      | Killed a two-headed ogre
 11093 | D:9      | Identified the +4 broad axe "Killer Bee's Death" {protect, -Tele MR+ Int+2} (Okawaru gifted it to you on level 9 of the Dungeon)
 11113 | Orc:1    | Entered Level 1 of the Orcish Mines
 11170 | Orc:1    | Reached skill level 16 in Axes
 11451 | Orc:2    | Entered Level 2 of the Orcish Mines
 11562 | Orc:1    | Noticed an orc high priest
 11582 | Orc:1    | Killed an orc high priest
 12170 | Orc:1    | Found a roughly hewn altar of Beogh.
 12171 | Orc:1    | Noticed a two-headed ogre
 12177 | Orc:1    | Killed a two-headed ogre
 12183 | Orc:1    | Reached skill level 1 in Throwing
 12608 | Orc:2    | Reached skill level 10 in Shields
 12796 | Orc:2    | Reached XP level 13. HP: 76/116 MP: 17/17
 12821 | Orc:2    | Reached skill level 17 in Axes
 12940 | Orc:2    | Found a staircase to the Elven Halls.
 13009 | Orc:2    | Killed from afar by an orc high priest

Skill      XL: |  1  2  3  4  5  6  7  8  9 10 11 12 13 |
---------------+----------------------------------------+-----
Fighting       | 4 5 6 7 8 9 11 | 11.1
Axes           | 4 6 7 10 12 13 15 16 17 | 17.0
Armour         | 4 5 6 7 8 9 |  9.4
Shields        | 4 5 6 8 9 10 | 10.1
Dodging        | 1 |  1.5
Evocations     | 2 3 4 5 6 |  6.6
Throwing       | 1 |  1.4
Stealth        | |  0.3
Invocations    | |  0.6

Action                   |  1- 3 |  4- 6 |  7- 9 | 10-12 | 13-15 || total
-------------------------+-------+-------+-------+-------+-------++-------
Melee: War axe           |    38 |   164 |   289 |   525 |       ||  1016
       Broad axe         |       |       |       |   334 |    39 ||   373
Throw: Tomahawk          |       |       |       |    51 |     3 ||    54
Invok: Heroism           |       |       |       |     8 |       ||     8
       Finesse           |       |       |       |     1 |       ||     1
Evoke: Wand              |       |       |     7 |    10 |     4 ||    21
  Use: Potion            |     1 |       |     2 |     6 |     5 ||    14
       Scroll            |       |     6 |    14 |    15 |     1 ||    36
  Eat: Fruit             |       |     3 |       |    20 |       ||    23
       Royal jelly       |       |     1 |     2 |     3 |       ||     6
       Bread ration      |       |     1 |       |     2 |       ||     3
       Meat ration       |       |       |     1 |       |       ||     1
Armor: Scale mail        |    17 |     8 |       |       |       ||    25
       Chain mail        |       |    74 |    73 |       |       ||   147
       Plate armour      |       |       |    24 |   301 |    47 ||   372
Dodge: Dodged            |     8 |    54 |    71 |   266 |    21 ||   420
Block: Shield            |    15 |    94 |   130 |   375 |    34 ||   648
